 Dungeon Crawl Stone Soup version 0.17.1-3-g152610e (webtiles) character file.

65 Metrazal the Sneak (level 3, 18/18 HPs)
             Began as a Spriggan Assassin on Mar 6, 2016.
             Quit the game on level 2 of the Dungeon.
             The game lasted 00:09:57 (2076 turns).

Metrazal the Sneak (Spriggan Assassin)              Turns: 2076, Time: 00:09:57

Health: 18/18      AC:  3    Str:  7    XL:     3   Next: 92%
Magic:  4/4        EV: 19    Int: 12    God:
Gold:   102        SH:  0    Dex: 18    Spells: 0 memorised, 2 levels left

rFire  + . .     SeeInvis +     a - +2 dagger
rCold  . . .     Clarity  .     m - +0 robe
rNeg   . . .     SustAt   .     (shield restricted)
rPois  .         Gourm    .     (helmet restricted)
rElec  .         Spirit   .     d - +0 cloak
rCorr  .         Warding  .     (gloves unavailable)
rMut   .         Stasis   .     (boots unavailable)
MR     +....                    (no amulet)
Stlth  ++++......               s - ring of protection from magic
                                p - ring of protection from fire

@: very quick, somewhat resistant to hostile enchantments, stealthy
A: unfitting armour, see invisible, herbivore 3, speed 3, slow metabolism 2
a: no special abilities


You were on level 2 of the Dungeon.
You were not hungry.

You visited 1 branch of the dungeon, and saw 2 of its levels.

You collected 102 gold pieces.

Inventory:

Hand Weapons
 a - a +2 dagger (weapon)
 b - a +0 blowgun
 c - a +0 hunting sling of evasion
Missiles
 e - 8 poisoned needles
 f - 2 curare-tipped needles
 k - 34 stones (quivered)
 l - 18 sling bullets
 n - 42 arrows
Armour
 d - a +0 cloak (worn)
 m - a +0 robe (worn)
Jewellery
 p - a ring of protection from fire (left hand)
 s - a ring of protection from magic (right hand)
Scrolls
 h - a scroll of magic mapping {unknown}
 i - 2 scrolls of remove curse {unknown}
 j - 2 scrolls of teleportation {unknown}
 o - a scroll of amnesia {unknown}
 r - a scroll of blinking {unknown}
 t - a scroll of fog {unknown}
Potions
 q - 2 potions of curing {unknown}
Comestibles
 g - 2 bread rations


   Skills:
 - Level 1.5 Fighting
 + Level 3.2 Short Blades
 - Level 2.0 Throwing
 + Level 3.4 Dodging
 + Level 6.7 Stealth


You had 2 spell levels left.
You didn't know any spells.

Dungeon Overview and Level Annotations

Branches:
Dungeon (2/15)

Altars:
Xom


Innate Abilities, Weirdness & Mutations

You are tiny and cannot use many weapons and most armour.
You have supernaturally acute eyesight.
You are a herbivore.
You cover ground extremely quickly.
You need consume almost no food.


Message History

You open the door.
A goblin comes into view. It is wielding a club.
There is an open door here.
The helpless goblin fails to defend itself.
You stick the goblin like a pincushion!!!
You kill the goblin!
There is an open door here.
s - an agate ring Put on which piece of jewellery? (? for menu, Esc to quit)
s - a ring of protection from magic (right hand)
t - a scroll labeled JOTHRE MULUPA
q - 2 smoky grey potions (gained 1)
You see here a leather armour.
You open the door.
There is an open door here.
You open the door.
There is an open door here.
Done exploring.
You see here a dagger.
Are you sure you want to abandon this character and quit the game? (Confirm with "yes".)

#.##.### ##.......## ##.###.#
#.#### ##.....## #####.#
###.### #######...## #..#
#.....###...####'## #.##
#.#.#.##.....###.# #.#
#.#.#.#.......##.####### #.#
#.#...........##.......# #.#
#.###.#......)#...####.# #.#
#.....##.....#..@..# #.# #.#
#########...###...####.######.#
##....................#
#######.#####.########
#.......# #########


There were no monsters in sight!

Vanquished Creatures
  3 adders (D:2)
  2 giant geckos
  6 hobgoblins
  4 jackals (D:2)
  5 bats
  2 giant newts
  9 goblins
  2 kobolds (D:1)
  2 rats (D:1)
35 creatures vanquished.

Notes
Turn   | Place    | Note
--------------------------------------------------------------
     0 | D:1      | Metrazal the Spriggan Assassin began the quest for the Orb.
     0 | D:1      | Reached XP level 1. HP: 10/10 MP: 2/2
   323 | D:1      | Reached skill level 6 in Stealth
   503 | D:1      | Reached XP level 2. HP: 14/14 MP: 3/3
  1034 | D:2      | Found a shimmering altar of Xom.
  1148 | D:2      | Reached XP level 3. HP: 18/18 MP: 4/4
  2076 | D:2      | Quit the game

Action                   || total
-------------------------++-------
Melee: Dagger            ||    62
 Fire: Hunting sling     ||    25
  Use: Potion            ||     2
 Stab: Sleeping          ||    14
       Distracted        ||     1
